 Dungeon Crawl Stone Soup version 0.18-a0-1350-g404b4cb (webtiles) character file.

128 Kidiri the Magician (level 4, -5/25 HPs)
             Began as a Deep Elf Wizard on Feb 18, 2016.
             Slain by Terence
             ... wielding a +1 trident of venom
              (12 damage)
             ... on level 3 of the Dungeon.
             The game lasted 00:08:07 (2893 turns).

Kidiri the Magician (Deep Elf Wizard)               Turns: 2893, Time: 00:08:08

Health: -5/25      AC:  3    Str:  4    XL:     4   Next: 86%
Magic:  4/13       EV: 13    Int: 24    God:
Gold:   121        SH:  0    Dex: 13    Spells: 6 memorised, 1 level left

rFire  . . .     SeeInvis .     u - +0 rapier
rCold  . . .     Gourm    .     a - +0 robe
rNeg   . . .     Faith    .     (no shield)
rPois  .         Spirit   .     b - +0 hat
rElec  .         Dismiss  .     f - +0 cloak
rCorr  .         Reflect  .     (no gloves)
SustAt .         Harm     .     (no boots)
MR     .....                    (no amulet)
Stlth  ++........               (no ring)
                                (no ring)

@: lethally poisoned (-5 -> -27), repel missiles, not resistant to hostile
enchantments, unstealthy
A: no striking features
a: no special abilities


You were on level 3 of the Dungeon.
You were not hungry.

You visited 1 branch of the dungeon, and saw 3 of its levels.

You collected 121 gold pieces.

Inventory:

Hand Weapons
 u - a +0 rapier (weapon)
Missiles
 k - 121 stones (quivered)
Armour
 a - a +0 robe (worn)
 b - a +0 hat (worn)
 f - a +0 cloak (worn)
Scrolls
 e - 3 scrolls of teleportation {unknown}
 g - 4 scrolls of identify {unknown}
 j - 2 scrolls of random uselessness {unknown}
 m - a scroll of fog {unknown}
 o - a scroll of remove curse {unknown}
 r - a scroll of enchant armour {unknown}
 v - a scroll of fear {unknown}
Potions
 i - 4 potions of curing {unknown}
 l - a potion of invisibility {unknown}
 p - a potion of flight {unknown}
 q - a potion of agility {unknown}
 t - a potion of lignification {unknown}
Books
 c - a book of Minor Magic

   Spells                             Type                      Level
   a - Magic Dart                     Conjuration                  1
   b - Blink                          Translocation                2
   c - Call Imp                       Summoning                    2
   d - Repel Missiles                 Charms/Air                   2
   e - Slow                           Hexes                        2
   f - Conjure Flame                  Conjuration/Fire             3
   g - Mephitic Cloud                 Conjuration/Poison/Air       3
Comestibles
 d - 3 bread rations
 h - 7 fruits
 n - a slice of pizza
 s - 2 chunks of flesh


   Skills:
 + Level 1.0 Fighting
 + Level 0.5 Armour
 * Level 3.4 Dodging
 + Level 2.6 Stealth
 * Level 5.1 Spellcasting
 + Level 1.5 Conjurations
 + Level 1.0 Hexes
 + Level 1.3 Charms
 + Level 1.8 Summonings
 + Level 1.7 Translocations
 + Level 1.0 Air Magic


You had one spell level left.
You knew the following spells:

 Your Spells              Type           Power        Failure   Level  Hunger
a - Magic Dart            Conj           ##..         6%          1    None
b - Blink                 Tloc           N/A          10%         2    None
c - Call Imp              Summ           ##......     8%          2    None
d - Repel Missiles        Chrm/Air       ##....       12%         2    None
e - Slow                  Hex            ##......     12%         2    None
f - Conjure Flame         Conj/Fire      #.......     21%         3    ##.....


Dungeon Overview and Level Annotations

Branches:
Dungeon (3/15)

Altars:

Annotations:
D:3 Jessica, Terence


Message History

Confirm with . or Enter, or press ? or * to list all spells.
Aiming: Magic Dart
Press: ? - help, Shift-Dir - straight line, f/p - Terence
Aim: Terence, wielding a trident of venom and wearing a scale mail (moderately wounded, unusually strong)
The magic dart hits Terence.
Terence is moderately wounded.
You feel sick.
Your crimson imp hits Terence but does no damage.
Unknown command.
Casting: Magic Dart
Confirm with . or Enter, or press ? or * to list all spells.
Aiming: Magic Dart
Press: ? - help, Shift-Dir - straight line, f/p - Terence
Aim: Terence, wielding a trident of venom and wearing a scale mail (moderately wounded, unusually strong)
The magic dart hits Terence.
Terence is moderately wounded.
* * * LOW HITPOINT WARNING * * *
You feel sick.
Terence hits you with a trident of venom!
You die...

..#$..
######..#...
#...).......
...........
..@.......
.........
#.5....(.
#@@......
#.5......
#........
#......##
#......#
########


You could see Terence, Jessica and 2 friendly crimson imps.

Vanquished Creatures
  Natasha (D:2)
  4 adders (D:2)
  An ooze (D:1)
  A worm (D:2)
  2 giant geckos (D:2)
  An orc (D:2)
  A giant cockroach (D:1)
  7 goblins
  6 hobgoblins
  2 jackals (D:1)
  7 bats
  6 giant newts
  7 kobolds
  4 rats
50 creatures vanquished.

Vanquished Creatures (collateral kills)
  An adder (D:2)
  A giant newt (D:2)
2 creatures vanquished.

Grand Total: 52 creatures vanquished

Notes
Turn   | Place    | Note
--------------------------------------------------------------
     0 | D:1      | Kidiri the Deep Elf Wizard began the quest for the Orb.
     0 | D:1      | Reached XP level 1. HP: 10/10 MP: 7/7
   363 | D:1      | Reached XP level 2. HP: 9/15 MP: 1/9
   367 | D:1      | Learned a level 2 spell: Blink
   370 | D:1      | Learned a level 2 spell: Call Imp
   373 | D:1      | Learned a level 2 spell: Repel Missiles
   376 | D:1      | Learned a level 2 spell: Slow
  1351 | D:2      | Reached XP level 3. HP: 12/19 MP: 3/11
  1354 | D:2      | Reached skill level 1 in Charms
  1857 | D:2      | Reached skill level 5 in Spellcasting
  1936 | D:2      | Learned a level 3 spell: Conjure Flame
  2002 | D:2      | Reached skill level 1 in Hexes
  2002 | D:2      | Reached XP level 4. HP: 14/24 MP: 2/13
  2314 | D:2      | Reached skill level 1 in Fighting
  2406 | D:2      | Noticed Natasha
  2413 | D:2      | Killed Natasha
  2707 | D:2      | Reached skill level 1 in Air Magic
  2819 | D:3      | Noticed Terence
  2889 | D:3      | Noticed Jessica
  2893 | D:3      | Slain by Terence

Vault maps used:
D:1:      dpeg_arrival_radiant, kennysheep_another_room, minmay_fountain_box,
          serial_bayou_pond_a
D:2:      uniq_natasha
D:3:      makhleb_altar_promises_db, uniq_iyjb, uniq_terence, uniq_jessica,
          uniq_grinder

Action                   |  1- 3 |  4- 6 || total
-------------------------+-------+-------++-------
Melee: Unarmed           |     7 |       ||     7
       Dagger            |     2 |     3 ||     5
       Rapier            |       |    10 ||    10
 Cast: Magic Dart        |    87 |    38 ||   125
       Repel Missiles    |     1 |       ||     1
       Call Imp          |       |     3 ||     3
 Stab: Sleeping          |     2 |     3 ||     5
  Eat: Meat ration       |     1 |       ||     1
       Chunk             |       |     1 ||     1
